 Dungeon Crawl Stone Soup version 0.31-a0-983-g7b6862f502 (webtiles) character file.

Game seed: 2703259752539241800

7326 Xavori the Ducker (level 11, -1/118 HPs)
             Began as a Djinni Chaos Knight on Nov 2, 2023.
             Was a Plaything of Xom.
             Slain by a ghost moth (3 damage)
             ... on level 10 of the Dungeon.
             The game lasted 00:12:36 (15838 turns).

Xavori the Ducker (Djinni Chaos Knight)            Turns: 15838, Time: 00:12:37

Health: -1/118     AC: 25    Str: 12 (13) XL:     11   Next: 35%
Gold:   627        EV:  2    Int: 14 (15) God:    Xom [....*.] SH:  6 Dex: 20 (22)

rFire   . . .        u - +3 scimitar (freeze)
rCold   . . .        H - +0 buckler
rNeg    + . .        D - melded +2 steam dragon scales
rPois   ∞            (helmet currently unavailable)
rElec   .            n - melded +2 cloak
rCorr   .            (gloves currently unavailable)
SInv    +            (boots unavailable)
Will    +....        (no amulet)
Stlth   ++           v - ring "Zehoateu" {rN+ EV+5 Str+2}
HPRegen 0.39/turn    f - +6 ring of dexterity
MPRegen 0.00/turn

%: infuse magic (-2 HP)
@: tree-form, attractive, invisible
A: stationary, stasis, torment immunity, boosted hp, sickness immunity, (fire
resistance 2), (cold vulnerability 1), float, innate caster, HP casting, extra
vitality 1, (iridescent scales 2), see invisible, mutation resistance 1, sense
surroundings 1, wild magic 3, MP-powered wands
a: Renounce Religion


You were on level 10 of the Dungeon.
You worshipped Xom.
You were a beloved toy of Xom.
You were a tree.
You visited 1 branch of the dungeon, and saw 10 of its levels.

You collected 657 gold pieces.
You spent 30 gold pieces at shops.

Inventory:

Hand Weapons
 a - a +1 falchion of freezing
 e - a +5 great sword
 u - a +3 scimitar of freezing (weapon)
Armour
 b - a +2 leather armour
 n - a +2 cloak (melded)
 D - +2 steam dragon scales (melded)
 H - a +0 buckler (worn)
Jewellery
 f - a +6 ring of dexterity (right branch)
 v - the ring "Zehoateu" (left branch) {rN+ EV+5 Str+2}
   (You found it on level 9 of the Dungeon)

   [ring of evasion]

   EV+5:      It affects your evasion (+5).
   Str+2:     It affects your strength (+2).
   rN+:       It protects you from negative energy.
 w - a ring of resist corrosion
 z - a +6 ring of strength
 A - a ring of fire
 C - a +6 ring of intelligence
Wands
 d - a wand of charming (11)
 y - a wand of light (1)
 E - a wand of polymorph (10)
 I - a wand of iceblast (4)
Scrolls
 c - 2 scrolls of butterflies
 g - 3 scrolls of fog
 h - a scroll of enchant armour
 s - 2 scrolls of silence
 t - 2 scrolls of poison
 F - a scroll of revelation
 G - 2 scrolls of immolation
Potions
 i - 7 potions of curing
 j - a potion of magic {unknown}
 k - 3 potions of attraction
 l - a potion of heal wounds
 m - a potion of cancellation
 o - a potion of lignification
 q - a potion of ambrosia
 r - 2 potions of mutation
 x - a potion of might {unknown}
 B - 2 potions of haste


   Skills:
 + Level 7.2 Fighting
 + Level 6.6 Long Blades
 + Level 6.5 Armour
 + Level 7.5 Dodging
 + Level 3.4 Shields
 * Level 6.2 Spellcasting
 * Level 6.2 Conjurations
 * Level 6.2 Hexes
   Level 0.0 Charms
 * Level 6.2 Summonings
 * Level 6.2 Necromancy
 * Level 6.2 Translocations
 * Level 6.2 Transmutations
 * Level 6.2 Fire Magic
 * Level 6.2 Ice Magic
 * Level 6.2 Air Magic
 * Level 6.2 Earth Magic
 * Level 6.2 Poison Magic
 - Level 4.7 Evocations


You knew the following spells:

 Your Spells              Type           Power      Damage    Failure   Level
a - Sting                 Tmut/Pois      100%       1d8       9%          1
b - Jinxbite              Hex            82%        N/A       12%         2
c - Blink                 Tloc           82%        N/A       12%         2
d - Tukima's Dance        Hex            41%        N/A       17%         3
e - Iskenderun's Mystic   Conj/Tloc      41%        2d9       38%         4
Your spell library was empty.

Dungeon Overview and Level Annotations

Branches:
Dungeon (10/15)            Temple (0/1) D:7
   Lair: D:8-11         Orc: D:9-12

Altars:
Ashenzari
Elyvilon
Fedhas
Hepliaklqana
Makhleb
Nemelex Xobeh
Okawaru
Qazlal
Ru
Xom
The Shining One

Shops:
D:2 :(   D:8 *

Annotations:
D:5 3 runed translucent doors, mattiecakes's ghost, novice DjSh; pigah's ghost, novice OpSh; sammy202020's ghost, novice GrBe; tinescath's ghost, novice GnSh


Innate Abilities, Weirdness & Mutations

You are a tree.
Your roots penetrate the ground, keeping you stationary.
You cannot be teleported.
You are immune to unholy pain and torment.
Your maximum health is greatly increased.
Your equipment is partially melded.
You are immune to sickness and miasma.
You are immune to poison.
((Your flesh is very heat resistant. (rF++)))
((You are vulnerable to cold. (rC-)))
You float through the air rather than walking.
You learn spells naturally, not from books.
Your magical power is your life essence.
You have superior vitality. (+4 MHP)
((You are mostly covered in iridescent scales. (AC +4)))
You have supernaturally acute eyesight. (SInv)
You are somewhat resistant to further mutation.
You passively map a small area around you.
Your spells are much harder to cast, but much more powerful.
You expend health (3 HP) to strengthen your wands.


Message History

You feel dopey.
It was a potion of lignification.
You turn into a tree.
Your +2 cloak melds into your body.
Your +2 steam dragon scales melds into your body.
Your roots penetrate the ground.
The vampire mosquito completely misses you.
You block the vampire mosquito's attack.
The ghost moth stares at you. The ghost moth hits you!
* * * LOW HITPOINT WARNING * * *
The ghost moth hits you but does no damage.
You block the ghost moth's attack.
It was a potion of attraction.
You feel attractive to monsters.
The vampire mosquito bites you but does no damage.
The ghost moth stares at you.
The ghost moth hits you but does no damage. x2
The ghost moth stings you but does no damage.
The vampire mosquito bites you.
* * * LOW HITPOINT WARNING * * *
Unknown command.
Unknown command.
It was a potion of invisibility.
You fade into invisibility!
The vampire mosquito bites you but does no damage.
The ghost moth hits you!
* * * LOW HITPOINT WARNING * * *
The ghost moth hits you.
* * * LOW HITPOINT WARNING * * *
The ghost moth stings you but does no damage.
The vampire mosquito bites you.
* * * LOW HITPOINT WARNING * * *
The ghost moth hits you.
* * * LOW HITPOINT WARNING * * *
You feel weakened. The ghost moth hits you!
* * * LOW HITPOINT WARNING * * *
The ghost moth stings you.
You die...
Xom roars with laughter!

######### #..y♣yh.#
#_#####.# ## #.#
#.###### #.
#.#####.##...# #.
#.#.....h....# ####.
#.#.###Y##Y..## #....
#.#.# #.#.y...# #....
#.#.###.##...## #....
#...hy..##.#.#####.#.


You could see a ghost moth (invisible, unable to see you), a vampire mosquito
(unable to see you) and a wolf.

Vanquished Creatures
  A death yak (D:10)
  A troll (D:10)
  A hornet (D:5)
  Sigmund (D:6)
  9 yaks (D:9)
  A wyvern (shapeshifter) (D:6)
  2 wyverns
  3 steam dragons
  A vampire mosquito (D:10)
  Menkaure (D:7)
  Grum (D:10)
  A water moccasin (D:6)
  2 acid dragons
  A black bear (D:5)
  An orc warrior (D:10)
  A sky beast (D:8)
  2 ice beasts (D:6)
  3 ogres
  A wolf (D:10)
  2 centaurs (D:9)
  A phantom (D:7)
  A gnoll sergeant (D:6)
  2 scorpions
  5 bullfrogs
  9 wights
  A ballistomycete (D:5)
  3 hounds
  A jelly (D:4)
  An orc priest (D:6)
  A sleepcap (D:7)
  An iguana (D:5)
  3 orc wizards
  5 adders
  8 gnolls
  3 shadow imps
  2 white imps
  A worm (D:2)
  A dart slug (D:4)
  15 orcs
  2 endoplasms (D:3)
  2 giant cockroaches
  5 goblins
  6 hobgoblins
  6 kobolds
  3 quokkas
  6 ball pythons
  2 frilled lizards
  3 rats
  A spectral hobgoblin (D:7)
  2 ballistomycete spores (D:5)
138 creatures vanquished.

Vanquished Creatures (collateral kills)
  Maggie (D:7)
  Jeremiah (D:7)
  Edmund (D:6)
  An orc warrior (D:7)
  A bullfrog (D:6)
  3 wights (D:8)
  An orc (D:7)
  2 goblins (D:8)
  2 hobgoblins (D:8)
  A kobold (D:8)
14 creatures vanquished.

Vanquished Creatures (others)
  3 dancing weapons
  A goblin (D:3)
  A ball python zombie (D:4)
  A dart slug zombie (D:4)
  3 ballistomycete spores (D:5)
9 creatures vanquished.

Grand Total: 161 creatures vanquished

Notes
Turn   | Place    | Note
-------+----------+-------------------------------------------
     0 | D:1      | Xavori the Djinni Chaos Knight began the quest for the Orb.
     0 | D:1      | Reached XP level 1. HP: 20/20 MP: 0/0
   280 | D:1      | XOM: silly message
   702 | D:1      | XOM: cloud trail
   908 | D:1      | XOM: silly message
   945 | D:1      | XOM is BORED!
  1244 | D:1      | XOM: silly message
  1286 | D:1      | XOM: give mutations
  1286 | D:1      | Gained mutation: You are somewhat resistant to further
                  | mutation. [Xom's mischief]
  1286 | D:1      | Gained mutation: You occasionally lose the ability to drink
                  | potions when taking damage. [Xom's mischief]
  1286 | D:1      | Gained mutation: You sometimes lose the ability to drink
                  | potions when taking damage. [Xom's mischief]
  1347 | D:1      | XOM: summons 1 hostile demon
  1348 | D:1      | Noticed a chaos spawn
  1665 | D:1      | XOM: silly message
  2705 | D:1      | XOM: divination: magic mapping
  4237 | D:1      | XOM is BORED!
  4237 | D:1      | XOM: summons 1 hostile demon
  4238 | D:1      | Noticed a crimson imp
  6278 | D:1      | XOM: god gift: 53 gold pieces
  6498 | D:1      | XOM: god gift: mace {god gift}
  6512 | D:1      | XOM: give mutations
  6512 | D:1      | Gained mutation: Your spells are a little harder to cast,
                  | but a little more powerful. [Xom's grace]
  6512 | D:1      | Gained mutation: You are partially covered in iridescent
                  | scales. (AC +2) [Xom's grace]
  6512 | D:1      | Gained mutation: Your flesh is almost immune to the effects
                  | of heat. (rF+++) [Xom's grace]
  6512 | D:1      | Gained mutation: You expend health (3 HP) to strengthen
                  | your wands. [Xom's grace]
  6609 | D:2      | Found Ivixajec's Antique Weapon Shoppe.
  6611 | D:2      | XOM: give mutation
  6611 | D:2      | Lost mutation: You are somewhat resistant to further
                  | mutation. [Xom's mischief]
  6637 | D:2      | XOM: scenery: summon butterflies
  6653 | D:2      | Reached XP level 2. HP: 25/25 MP: 0/0
  6737 | D:2      | XOM: divination: detect items
  6779 | D:2      | Found Holuv's Book Emporium.
  6880 | D:2      | Reached XP level 3. HP: 30/30 MP: 0/0
  6880 | D:2      | Learned a level 1 spell: Sting
  6946 | D:2      | XOM: stat loss: -1 Int (12/13)
  7244 | D:2      | Found a faded altar of an unknown god.
  7395 | D:3      | Reached skill level 1 in Spellcasting
  7395 | D:3      | Reached skill level 1 in Conjurations
  7395 | D:3      | Reached skill level 1 in Hexes
  7395 | D:3      | Reached skill level 1 in Summonings
  7395 | D:3      | Reached skill level 1 in Necromancy
  7395 | D:3      | Reached skill level 1 in Translocations
  7395 | D:3      | Reached skill level 1 in Transmutations
  7395 | D:3      | Reached skill level 1 in Fire Magic
  7395 | D:3      | Reached skill level 1 in Ice Magic
  7395 | D:3      | Reached skill level 1 in Air Magic
  7395 | D:3      | Reached skill level 1 in Earth Magic
  7395 | D:3      | Reached skill level 1 in Poison Magic
  7742 | D:3      | Reached XP level 4. HP: 35/35 MP: 0/0
  7852 | D:3      | Found a burning altar of Makhleb.
  7852 | D:3      | Noticed a cacodemon
  7859 | D:3      | XOM: scenery: create altars
  7982 | D:3      | XOM: give mutations
  7982 | D:3      | Gained mutation: You are somewhat resistant to further
                  | mutation. [Xom's grace]
  7982 | D:3      | Gained mutation: Your spells are harder to cast, but more
                  | powerful. [Xom's grace]
  7982 | D:3      | Gained mutation: Your spells are much harder to cast, but
                  | much more powerful. [Xom's grace]
  7982 | D:3      | Gained mutation: You have supernaturally acute eyesight.
                  | (SInv) [Xom's grace]
  7990 | D:3      | XOM: god gift: wand of light (5)
  8036 | D:3      | XOM: god gift: book of Spatial Translocations
  8091 | D:4      | XOM: fog
  8123 | D:4      | Reached XP level 5. HP: 21/40 MP: 0/0
  8123 | D:4      | Learned a level 2 spell: Jinxbite
  8173 | D:4      | XOM: 1-stop teleportation journey
  8211 | D:4      | XOM: god gift: ring of fire
  8267 | D:4      | Reached skill level 1 in Evocations
  8397 | D:3      | XOM: give mutations
  8397 | D:3      | Gained mutation: You are mostly covered in iridescent
                  | scales. (AC +4) [Xom's grace]
  8397 | D:3      | Gained mutation: You passively map a small area around you.
                  | [Xom's grace]
  8397 | D:3      | Gained mutation: You possess an exceptional clarity of
                  | mind. [Xom's grace]
  8397 | D:3      | Gained mutation: You passively map the area around you.
                  | [Xom's grace]
  8531 | D:4      | Found a sacrificial altar of Ru.
  8616 | D:4      | XOM: god gift: 13 gold pieces
  8676 | D:4      | XOM: 2-stop teleportation journey
  8758 | D:4      | XOM: give mutation
  8758 | D:4      | Gained mutation: You are completely covered in iridescent
                  | scales. (AC +6) [Xom's mischief]
  8910 | D:4      | XOM: draining
  8930 | D:4      | Noticed an ogre
  8938 | D:4      | Killed an ogre
  8939 | D:4      | Reached XP level 6. HP: 31/47 MP: 0/0
  9137 | D:5      | Entered Level 5 of the Dungeon
  9142 | D:5      | Found a runed translucent gate.
  9142 | D:5      | Found a runed translucent gate.
  9142 | D:5      | Found a runed translucent gate.
  9142 | D:5      | Noticed sammy202020's ghost (novice GrBe)
  9142 | D:5      | Noticed mattiecakes's ghost (novice DjSh)
  9143 | D:5      | Noticed tinescath's ghost (novice GnSh)
  9143 | D:5      | Noticed pigah's ghost (novice OpSh)
  9208 | D:5      | XOM: polymorph sleepcap -> ballistomycete
  9214 | D:5      | XOM: give mutations
  9214 | D:5      | Lost mutation: You sometimes lose the ability to drink
                  | potions when taking damage. [Xom's mischief]
  9214 | D:5      | Lost mutation: You possess an exceptional clarity of mind.
                  | [Xom's mischief]
  9214 | D:5      | Lost mutation: You occasionally lose the ability to drink
                  | potions when taking damage. [Xom's mischief]
  9214 | D:5      | Lost mutation: You are completely covered in iridescent
                  | scales. (AC +6) [Xom's mischief]
  9523 | D:5      | Noticed an ogre
  9528 | D:5      | an ogre changed into a hornet
  9528 | D:5      | Noticed a hornet
  9528 | D:5      | XOM: polymorph ogre -> hornet
  9529 | D:5      | XOM: enchant monster (good)
  9535 | D:5      | Killed a hornet
  9536 | D:5      | Reached XP level 7. HP: 47/52 MP: 0/0
  9536 | D:5      | Learned a level 2 spell: Blink
  9942 | D:5      | Found a white marble altar of Elyvilon.
 10070 | D:5      | XOM: summons 4 hostile demons
 10071 | D:5      | Noticed a ynoxinul
 10257 | D:5      | XOM: scenery: summon butterflies
 10325 | D:5      | Reached XP level 8. HP: 40/58 MP: 0/0
 10465 | D:6      | Noticed Edmund
 10471 | D:6      | XOM: confusion (+ monsters)
 10474 | D:6      | XOM: cast spell 'Summon Horrible Things'
 10478 | D:6      | Killed Edmund
 10500 | D:6      | Noticed a wyvern
 10509 | D:6      | Killed a wyvern
 10647 | D:6      | a hound changed into a shapeshifter
 10647 | D:6      | Noticed a shapeshifter (shapeshifter)
 10647 | D:6      | XOM: polymorph hound -> shapeshifter
 10647 | D:6      | a shapeshifter changed into a human
 10647 | D:6      | Noticed a human (shapeshifter)
 10649 | D:6      | a human changed into a wyvern
 10649 | D:6      | Noticed a wyvern (shapeshifter)
 10661 | D:6      | Killed a wyvern
 10771 | D:6      | Reached skill level 5 in Fighting
 10789 | D:6      | XOM: blink monster(s)
 10820 | D:6      | Found a blossoming altar of Fedhas.
 10878 | D:6      | XOM: divination: detect creatures
 10882 | D:6      | Reached XP level 9. HP: 48/65 MP: 0/0
 10882 | D:6      | Learned a level 3 spell: Tukima's Dance
 11028 | D:6      | Reached skill level 5 in Dodging
 11244 | D:6      | XOM: scenery: summon butterflies
 11366 | D:6      | XOM: god gift: 42 gold pieces
 11827 | D:6      | XOM: summons friendly ufetubus
 11838 | D:6      | Reached skill level 5 in Long Blades
 11921 | D:6      | Noticed Sigmund
 11933 | D:6      | Killed Sigmund
 11969 | D:7      | Noticed Maggie
 11969 | D:7      | XOM: 2-stop teleportation journey
 11973 | D:7      | Noticed Jeremiah
 11985 | D:7      | Killed Maggie
 11993 | D:7      | Killed Jeremiah
 11994 | D:7      | Reached skill level 5 in Armour
 11994 | D:7      | Reached XP level 10. HP: 27/72 MP: 0/0
 12090 | D:7      | XOM: enchant monster (bad)
 12165 | D:7      | XOM: summons 2 friendly demons
 12176 | D:7      | XOM: smoke on damage
 12395 | D:7      | Noticed Menkaure
 12404 | D:7      | Killed Menkaure
 12531 | D:7      | XOM: divination: detect creatures
 12534 | D:7      | Reached skill level 5 in Spellcasting
 12534 | D:7      | Reached skill level 5 in Conjurations
 12534 | D:7      | Reached skill level 5 in Hexes
 12534 | D:7      | Reached skill level 5 in Summonings
 12534 | D:7      | Reached skill level 5 in Necromancy
 12534 | D:7      | Reached skill level 5 in Translocations
 12534 | D:7      | Reached skill level 5 in Transmutations
 12534 | D:7      | Reached skill level 5 in Fire Magic
 12534 | D:7      | Reached skill level 5 in Ice Magic
 12534 | D:7      | Reached skill level 5 in Air Magic
 12534 | D:7      | Reached skill level 5 in Earth Magic
 12534 | D:7      | Reached skill level 5 in Poison Magic
 12642 | D:7      | XOM: give mutation
 12642 | D:7      | Lost mutation: You passively map the area around you.
                  | [Xom's mischief]
 12967 | D:7      | Found a staircase to the Ecumenical Temple.
 12989 | D:7      | Found a hazy altar of Hepliaklqana.
 13176 | D:8      | Found a stormy altar of Qazlal.
 13263 | D:8      | Found a broken altar of Ashenzari.
 13289 | D:8      | Found Dymahiet's General Store.
 13292 | D:8      | Bought a potion of curing for 30 gold pieces
 13581 | D:8      | XOM: enchant monster (good)
 13587 | D:8      | XOM: summons friendly ufetubus
 13596 | D:8      | Found an iron altar of Okawaru.
 13600 | D:8      | Reached skill level 1 in Shields
 13602 | D:8      | XOM: give mutation
 13602 | D:8      | Gained mutation: You are robust. (+10% HP) [Xom's grace]
 13741 | D:8      | XOM: divination: detect creatures
 13951 | D:8      | Found a sparkling altar of Nemelex Xobeh.
 14043 | D:8      | XOM: god gift: 24 gold pieces
 14260 | D:8      | XOM: noise
 14768 | D:9      | XOM: fake destruction
 14769 | D:9      | XOM: enchant monster (good)
 14774 | D:9      | Reached XP level 11. HP: 83/85 MP: 0/0
 14774 | D:9      | Learned a level 4 spell: Iskenderun's Mystic Blast
 14970 | D:9      | Identified the ring "Zehoateu" {rN+ EV+5 Str+2}
 15191 | D:9      | Found a glowing golden altar of the Shining One.
 15445 | D:10     | Entered Level 10 of the Dungeon
 15473 | D:10     | XOM: enchant monster (good)
 15616 | D:10     | Noticed Grum
 15619 | D:10     | Noticed a death yak
 15621 | D:10     | Killed Grum
 15623 | D:10     | Noticed a death yak
 15624 | D:10     | XOM: fog
 15635 | D:10     | XOM: destruction
 15650 | D:10     | Killed a death yak
 15652 | D:10     | XOM: fog
 15769 | D:9      | XOM: scenery: 1 doors open, 1 doors close
 15779 | D:9      | XOM: summons 4 hostile shadow creatures
 15781 | D:10     | XOM: enchant monster (good)
 15794 | D:10     | Lost mutation: Your flesh is almost immune to the effects
                  | of heat. (rF+++) [potion of mutation]
 15794 | D:10     | Lost mutation: You are robust. (+10% HP) [potion of
                  | mutation]
 15797 | D:10     | XOM: god gift: wand of iceblast (5)
 15799 | D:10     | XOM: god gift: 17 gold pieces
 15800 | D:10     | XOM: summons 4 friendly demons
 15811 | D:10     | a death yak changed into a ghost moth
 15811 | D:10     | Noticed a ghost moth
 15811 | D:10     | XOM: polymorph death yak -> ghost moth
 15826 | D:10     | XOM: scenery: create altars
 15838 | D:10     | HP: 2/118 [ghost moth (9)]
 15838 | D:10     | Slain by a ghost moth

Illustrated notes

Levels and vault maps discovered:
D:1:      enne_arrival_octagon_isle, layout_loops_ring, kennysheep_crisscross
D:2:      layout_basic, shapermc_ecumenical_altar_mp_highgroup, serial_shops,
          nicolae_shop_rolling_square, nicolae_diamond_shop, st_stairs_13,
          nrook_campfire, bh_walls_and_bars
D:3:      layout_loops_ring, fiery_altar_vehumet, makhleb_altar_promises_db,
          minivault_26
D:4:      layout_loops_ring, hangedman_ru_absence
D:5:      layout_loops_ring, nicolae_elyvilon_temple_path,
          gammafunk_ghost_cemetery, kennysheep_dice
D:6:      layout_basic, mainiacjoe_overflow_surrounded_room, uniq_edmund,
          uniq_sigmund
D:7:      layout_basic, nicolae_hepliaklqana_monster_ancestors,
          mainiacjoe_overflow_concentric_impassable,
          minmay_temple_entry_enclosed_plants, hex_large,
          chequers_decorated_corner, uniq_menkaure, uniq_maggie, uniq_jeremiah
D:8:      layout_loops_corners, mainiacjoe_overflow_alcove_1,
          nicolae_qazlal_general_emergency, nemelex_spade_bored_becter,
          okawaru_altar_gauntlet_db, serial_shops,
          nicolae_shop_tiny_real_fake_doors, minmay_misc_feat_rugged
D:9:      layout_basic, mainiacjoe_overflow_alcove_4
D:10:     layout_loops_corners, mainiacjoe_overflow_cross_hatched,
          dpeg_lair_monsters, nicolae_shop_sticking_my_neck_out, uniq_grum

Skill      XL: |  1  2  3  4  5  6  7  8  9 10 11 |
---------------+----------------------------------+-----
Long Blades    | 3 4 5 6 |  6.6
Spellcasting   | 1 2 3 4 5 6 |  6.2
Conjurations   | 1 2 3 4 5 6 |  6.2
Hexes          | 1 2 3 4 5 6 |  6.2
Summonings     | 1 2 3 4 5 6 |  6.2
Necromancy     | 1 2 3 4 5 6 |  6.2
Translocations | 1 2 3 4 5 6 |  6.2
Transmutations | 1 2 3 4 5 6 |  6.2
Fire Magic     | 1 2 3 4 5 6 |  6.2
Ice Magic      | 1 2 3 4 5 6 |  6.2
Air Magic      | 1 2 3 4 5 6 |  6.2
Earth Magic    | 1 2 3 4 5 6 |  6.2
Poison Magic   | 1 2 3 4 5 6 |  6.2
Armour         | 2 3 4 5 6 |  6.5
Dodging        | 3 4 5 7 |  7.5
Evocations     | 1 2 3 4 |  4.7
Fighting       | 4 5 6 7 |  7.2
Shields        | 2 3 |  3.4

Action                     |  1- 3 |  4- 6 |  7- 9 | 10-12 || total
---------------------------+-------+-------+-------+-------++-------
  Melee: Falchion          |    81 |   135 |   199 |   237 ||   652
         Punch             |       |     1 |     3 |     1 ||     5
         Scimitar          |       |       |       |   101 ||   101
   Cast: Jinxbite          |       |     1 |       |     2 ||     3
         Blink             |       |       |     1 |     1 ||     2
         Tukima's Dance    |       |       |     8 |     6 ||    14
  Evoke: Wand              |       |     1 |     1 |     3 ||     5
    Use: Scroll            |       |     4 |     4 |     6 ||    14
         Potion            |       |       |       |    10 ||    10
   Stab: Sleeping          |       |     1 |     1 |     1 ||     3
         Petrified         |       |       |     4 |     9 ||    13
         Petrifying        |       |       |     1 |       ||     1
         Paralysed         |       |       |       |     2 ||     2
         Invisible         |       |       |       |     1 ||     1
 Armour: Leather armour    |    49 |    93 |   169 |       ||   311
         Steam dragon scal |       |       |       |   165 ||   165
         Skin              |       |       |       |    15 ||    15
  Dodge: Dodged            |    50 |    94 |   198 |   273 ||   615
  Block: Buckler           |       |       |       |    62 ||    62

Table legend: (Time is in decaauts)
 A = Elapsed time spent in this place.
 B = Non-inter-level travel time spent in this place.
 C = Inter-level travel time spent in this place.
 D = Time resting spent in this place.
 E = Time spent auto-exploring this place.
 F = Levels seen in this place.
 G = Mean time per level.
                   A        B        C        D        E       F      G
               +--------+--------+--------+--------+--------+-----+--------+
         Total |  15900 |  15568 |    332 |   7182 |   6744 |  10 | 1590.0 |
       Dungeon |  15900 |  15568 |    332 |   7182 |   6744 |  10 | 1590.0 |
               +--------+--------+--------+--------+--------+-----+--------+

Top non-repeatable levels by time:
     D:1: 6077 daAuts
     D:6: 1528 daAuts
     D:2: 1315 daAuts
     D:8: 1287 daAuts
     D:5: 1220 daAuts
     D:7: 1205 daAuts
     D:9: 1104 daAuts
     D:4: 1021 daAuts
     D:3: 857 daAuts
    D:10: 282 daAuts
